 Dungeon Crawl Stone Soup version 0.22-a0-456-g11ed031 (webtiles) character file.

21 robertstho the Skirmisher (level 2, -4/25 HPs)
             Began as a Barachi Berserker on June 6, 2018.
             Was a Follower of Trog.
             Slain by a worm (10 damage)
             ... on level 2 of the Dungeon.
             The game lasted 00:02:45 (758 turns).

robertstho the Skirmisher (Barachi Berserker)        Turns: 758, Time: 00:02:45

Health: -4/25      AC:  2    Str: 18    XL:     2   Next: 83%
Magic:  2/2        EV: 12    Int:  7    God:    Trog [*.....]
Gold:   56         SH:  0    Dex: 11    Spells: 1/1 levels left

rFire    . . .     SeeInvis .   a - +0 hand axe
rCold    . . .     Gourm    .   (no shield)
rNeg     . . .     Faith    .   b - +0 animal skin
rPois    .         Spirit   .   (no helmet)
rElec    .         Reflect  .   (no cloak)
rCorr    .         Harm     .   (no gloves)
MR       .....                  (no boots)
Stlth    +.........             (no amulet)
HPRegen  0.08/turn              (no ring)
MPRegen  0.08/turn              (no ring)

@: slow
A: +LOS, swims, slowness 1, strong legs 1
a: Hop, Berserk, Renounce Religion


You were on level 2 of the Dungeon.
You worshipped Trog.
Trog was aware of your devotion.
You were not hungry.

You visited 1 branch of the dungeon, and saw 2 of its levels.

You collected 56 gold pieces.

Inventory:

Hand Weapons
 a - a +0 hand axe (weapon)
Armour
 b - a +0 animal skin (worn)
Scrolls
 d - a scroll of identify {unknown}
 e - a scroll of immolation {unknown}
Potions
 g - 2 potions of curing {unknown}
 h - a potion of magic {unknown}
 i - a potion of heal wounds {unknown}
Comestibles
 c - 3 rations
 f - 2 chunks of flesh


   Skills:
 + Level 4.1 Fighting
 * Level 3.8 Axes
 * Level 2.6 Armour
 + Level 2.2 Dodging


You had one spell level left.
You didn't know any spells.
Your spell library was empty.

Dungeon Overview and Level Annotations

Branches:
Dungeon (2/15)

Altars:


Innate Abilities, Weirdness & Mutations

Shadows flee at your approach. (+LOS)
You can swim through water.
You cover ground slowly.
You can hop short distances.


Message History

Found a scroll labeled EKIEKHL ATULI.
You hit the worm.
The worm is moderately wounded.
You hit the worm but do no damage.
The worm is moderately wounded.
The worm barely misses you.
You hit the worm but do no damage.
The worm is lightly wounded.
The worm barely misses you.
You hit the worm.
The worm is lightly wounded.
The hobgoblin shouts!
You slash the worm!
The worm is severely wounded.
The worm bites you!
* * * LOW HITPOINT WARNING * * *
You hit the worm.
The worm is severely wounded.
The worm bites you!
You die...

#.# #.# #.# ##+# #.#
##...#####.#####
##.....#........#
#........##.##..#
....(....##.#...#########
........@+.....รท.........
.....g..w####....######.#
#................# #.#
##.....#########.# #.#
##.?.# #.# #.# ##+# #.#
#.# #.# #.. ..# ### ### #


You could see a worm and a hobgoblin.

Vanquished Creatures
  A worm (D:2)
  2 ball pythons (D:2)
  A giant cockroach (D:1)
  2 goblins
  2 hobgoblins (D:1)
  3 kobolds (D:1)
  2 bats (D:1)
  3 frilled lizards
  3 rats
19 creatures vanquished.

Notes
Turn   | Place    | Note
-------+----------+-------------------------------------------
     0 | D:1      | robertstho the Barachi Berserker began the quest for the Orb.
     0 | D:1      | Reached XP level 1. HP: 18/18 MP: 1/1
   104 | D:1      | Reached skill level 4 in Fighting
   104 | D:1      | Reached XP level 2. HP: 25/25 MP: 2/2
   758 | D:2      | Slain by a worm

Vault maps used:
D:1:      dpeg_arrival_chase, chequers_big_river

Skill      XL: |  1 |
---------------+----+-----
Fighting       | 4 |  4.1
Axes           | |  3.8
Armour         | |  2.6
Dodging        | |  2.2

Action                   || total
-------------------------++-------
Melee: Hand axe          ||    39
Invok: Berserk           ||     1
 Stab: Sleeping          ||     2
  Eat: Chunk             ||     1
Armor: Animal skin       ||     8
Dodge: Dodged            ||    34

Table legend:
 A = Spawn XP
 B = Non-spawn XP
 C = Spawn XP percentage of total XP
 D = Spawn monster count
 E = Non-spawn monster count
 F = Spawn count percentage of total count
 G = Total turns spent on level
                    A         B        C        D         E        F      G
               +---------+---------+-------+---------+---------+-------+---------
         Total |       0 |      30 |   0.0 |       0 |      19 |   0.0 |   758
               +---------+---------+-------+---------+---------+-------+---------
           D:1 |       0 |      19 |   0.0 |       0 |      13 |   0.0 |   515
           D:2 |       0 |      11 |   0.0 |       0 |       6 |   0.0 |   243
               +---------+---------+-------+---------+---------+-------+---------
